 Dungeon Crawl Stone Soup version 0.25-a0-306-g3faca94807 (webtiles) character file.

Game seed: 9146096785975967868, levelgen mode: deterministic

1694 Gargoyl the Chopper (level 8, -1/68 HPs)
             Began as a Centaur Abyssal Knight on Dec 21, 2019.
             Was an Elder of Lugonu.
             Slain by Harold
             ... wielding a +0 dire flail
              (23 damage)
             ... on level 7 of the Dungeon.
             The game lasted 00:11:50 (8516 turns).

Gargoyl the Chopper (Centaur Abyssal Knight)        Turns: 8516, Time: 00:11:50

Health: -1/68      AC: 16    Str: 16    XL:     8   Next: 72%
Magic:  11/11      EV:  5    Int: 11    God:    Lugonu [****..]
Gold:   413        SH:  3    Dex: 10    Spells: 7/7 levels left

rFire    + . .     SeeInvis .   k - +2 hand axe (flame)
rCold    . . .     Gourm    .   l - +0 buckler
rNeg     . . .     Faith    .   p - +5 chain mail {rPois}
rPois    +         Spirit   .   e - +0 helmet
rElec    .         Reflect  .   (no cloak)
rCorr    +         Harm     .   u - +0 pair of gloves
MR       .....                  (no barding)
Stlth    ..........             (no amulet)
HPRegen  0.21/turn              h - ring of resist corrosion
MPRegen  0.12/turn              d - ring of protection from fire

@: marked, very quick
A: large, hooves 3, deformed body, speed 2, tough skin 3
a: Depart the Abyss, Bend Space, Banish, Corrupt, Renounce Religion


You were on level 7 of the Dungeon.
You worshipped Lugonu.
Lugonu was greatly pleased with you.
You were hungry.

You visited 1 branch of the dungeon, and saw 8 of its levels.
You visited the Abyss 1 time.
You also visited: Sewer.

You collected 413 gold pieces.

Inventory:

Hand Weapons
 a - a +1 hand axe
 k - a +2 hand axe of flaming (weapon)
Armour
 e - a +0 helmet (worn)
 l - a +0 buckler (worn)
 p - a +5 chain mail of poison resistance (worn)
 u - a +0 pair of gloves (worn)
Jewellery
 d - a ring of protection from fire (right hand)
 h - a ring of resist corrosion (left hand)
Scrolls
 j - 6 scrolls of identify
 n - 4 scrolls of remove curse
 o - a scroll of teleportation
Potions
 b - 10 potions of flight {unknown}
 f - 5 potions of agility
 g - 3 potions of mutation {unknown}
 i - 5 potions of curing {unknown}
 m - a potion of resistance {unknown}
 q - a potion of ambrosia {unknown}
 r - a potion of heal wounds
 s - a potion of might {unknown}
 v - a potion of degeneration {unknown}
 z - a potion of magic {unknown}
Comestibles
 c - 14 rations


   Skills:
 + Level 5.0 Fighting
 + Level 5.2 Axes
 * Level 5.1 Armour
 * Level 2.9 Dodging
 + Level 1.1 Shields
 * Level 4.7 Invocations


You had 7 spell levels left.
You didn't know any spells.
Your spell library was empty.

Dungeon Overview and Level Annotations

Branches:
Dungeon (8/15)             Temple (0/1) D:6           Sewer (visited)
   Lair: D:8-11

Altars:
Okawaru

Shops:
D:7 (   D:8 !

Annotations:
D:7 Harold


Innate Abilities, Weirdness & Mutations

You have hooves in place of feet.
Armour fits poorly on your strangely shaped body.
You cover ground very quickly.
You have extremely tough skin. (AC +3)


Message History

You barely miss Harold. Your kick misses Harold.
Harold is severely wounded.
You block Harold's attack.
You hit Harold. You burn Harold. Your kick misses Harold.
Harold is severely wounded.
Harold says, "Try to look on the bright side.
Your death will help put my children through school."
Harold hits you with a +0 dire flail.
You hit Harold. You burn Harold.
Harold is severely wounded.
Harold hits you with a +0 dire flail.
You hit Harold. You burn Harold. You kick Harold.
Harold is severely wounded.
Harold hits you with a +0 dire flail.
Your shield prevents you from hitting Harold.
Harold is severely wounded.
Harold hits you with a +0 dire flail.
You closely miss Harold. You kick Harold.
Harold is almost dead.
Harold hits you with a +0 dire flail!!
You die...

. .. #. ... .... #.#### #..
...#.. #..... #..
.......##.#..# ###..
........#..##.### #....
#............#...# ###....
#............@##.### ##(.....
#...........@..#...###..#...#
#..............###...#.##...#
#.!.....................#....
#..............#####.#.......
#.....∩........#####...##...#
#...<.........).......###...#
#..>...#.....#####....# #.[)#
#.############ ##..## #.[.# #
....# #.[<#


You could see Harold.

Vanquished Creatures
  A hungry ghost (D:7)
  The ghost of Redear the Skirmisher, an amateur OpFi (D:4)
  3 phantoms
  An orc warrior (D:5)
  A centaur (D:5)
  2 big kobolds (Sewer)
  A bullfrog (D:5)
  2 scorpions
  A vampire bat (D:3)
  A crimson imp (D:4)
  A quasit (D:6)
  A jelly (D:6)
  3 orc wizards
  An orc priest (D:7)
  2 iguanas
  3 worker ants
  Robin (D:3)
  9 adders
  3 shadow imps
  3 oozes (Sewer)
  2 adder zombies
  An adder skeleton (D:5)
  7 worms
  4 dart slugs
  4 leopard geckos
  25 orcs
  15 bats
  14 giant cockroaches
  18 goblins
  10 hobgoblins
  7 jackals
  7 kobolds
  7 quokkas
  7 frilled lizards
  A leopard gecko skeleton (D:5)
  12 rats
182 creatures vanquished.

Vanquished Creatures (others)
  2 jackals (D:5)
2 creatures vanquished.

Grand Total: 184 creatures vanquished

Notes
Turn   | Place    | Note
-------+----------+-------------------------------------------
     0 | Abyss:1  | Gargoyl the Centaur Abyssal Knight began the quest for the
                  | Orb.
     0 | Abyss:1  | Reached XP level 1. HP: 19/19 MP: 2/2
    26 | Abyss:2  | Noticed a wraith
    43 | Abyss:2  | Found a burning altar of Makhleb.
    56 | Abyss:2  | Noticed a starcursed mass
    60 | Abyss:2  | Noticed a demonic crawler
    68 | D:1      | Escaped the Abyss
   451 | D:1      | Reached * piety under Lugonu
   476 | D:1      | Reached XP level 2. HP: 19/26 MP: 3/3
  1273 | D:2      | Reached skill level 1 in Dodging
  1278 | D:2      | Reached XP level 3. HP: 29/31 MP: 4/4
  1834 | D:2      | Reached ** piety under Lugonu
  2259 | D:2      | Reached XP level 4. HP: 30/38 MP: 5/5
  2396 | D:3      | Noticed Robin
  2539 | D:3      | Killed Robin
  2875 | D:3      | Reached *** piety under Lugonu
  2875 | D:3      | Reached XP level 5. HP: 43/46 MP: 6/6
  3153 | D:2      | Found an iron altar of Okawaru.
  3321 | D:3      | Noticed an orc warrior
  3659 | D:4      | Reached XP level 6. HP: 49/52 MP: 8/8
  3963 | D:4      | Found a runed translucent gate.
  4638 | D:5      | Entered Level 5 of the Dungeon
  5195 | D:4      | Found a runed translucent gate.
  5196 | D:4      | Found a runed translucent gate.
  5204 | D:4      | Noticed Redear's ghost (amateur OpFi)
  5215 | D:4      | Killed Redear's ghost
  5215 | D:4      | Reached XP level 7. HP: 55/60 MP: 9/9
  6760 | D:6      | Reached **** piety under Lugonu
  6865 | D:6      | Found a glowing drain.
  6899 | Sewer    | Entered a sewer
  7020 | Sewer    | Reached XP level 8. HP: 63/67 MP: 10/10
  7252 | D:6      | You fall into a shaft and drop 2 floors!
  7322 | D:8      | Found Xihus's Distillery.
  7346 | D:7      | Found Rak Wekoel's Antique Weapon Shop.
  7493 | D:5      | Reached skill level 1 in Shields
  7683 | D:5      | Reached skill level 5 in Axes
  8060 | D:6      | Found a staircase to the Ecumenical Temple.
  8364 | D:7      | Noticed Harold
  8483 | D:7      | Reached skill level 5 in Fighting
  8483 | D:7      | Reached skill level 5 in Armour
  8516 | D:7      | Slain by Harold

Levels and vault maps discovered:
D:1:      dpeg_arrival_chambers_temple_mockup, layout_basic,
          hangedman_decor_lopped
D:2:      lemuel_upstairs_altar, layout_basic, due_unseen_surprise
D:3:      layout_rooms, first_ration, dk_noncrumbling_4, roderic_batcave,
          serial_bayou_lake_a, uniq_robin
D:4:      layout_layer_cave, ebering_ghost_rock_garden
D:5:      layout_basic, lemuel_flamethrower_2
D:6:      layout_cave_pools, minmay_temple_entry_poolview,
          gup_sewer_entry_glass, serial_glass, glass_columns_a, glass_columns_c,
          grunt_ministairs_8
D:7:      layout_rooms, serial_shops, shop, minivault_14, uniq_harold,
          uniq_duvessa, uniq_crazy_yiuf_cottage
D:8:      layout_layer_cave, bloody_makhleb, serial_shops,
          nicolae_shop_competitors_out_of_business,
          hangedman_little_slice_of_home, grunt_ministairs_9

Skill      XL: |  1  2  3  4  5  6  7  8 |
---------------+-------------------------+-----
Dodging        | 1 2 |  2.9
Axes           | 2 3 4 5 |  5.2
Armour         | 2 3 4 5 |  5.1
Invocations    | 3 4 |  4.7
Fighting       | 4 5 |  5.0
Shields        | 1 |  1.1

Action                   |  1- 3 |  4- 6 |  7- 9 || total
-------------------------+-------+-------+-------++-------
Melee: Hand axe          |   140 |   253 |   271 ||   664
       Kick              |    32 |    51 |    45 ||   128
Invok: Depart the Abyss  |     1 |       |       ||     1
Evoke: Wand              |       |     4 |     3 ||     7
  Use: Scroll            |     3 |     5 |     7 ||    15
       Potion            |       |     2 |     1 ||     3
  Eat: Chunk             |     3 |     8 |     5 ||    16
       Ration            |       |       |     2 ||     2
Armor: Chain mail        |   102 |   238 |   239 ||   579
Dodge: Dodged            |    48 |    66 |    59 ||   173
Block: Buckler           |       |    29 |    44 ||    73

Table legend:
 A = Non-vault XP
 B = Vault XP
 C = Vault XP percentage of total XP
 D = Non-vault monster count
 E = Vault monster count
 F = Vault count percentage of total count
                 A         B        C        D         E       F
            +---------+---------+-------+---------+---------+-------
      Total |    1789 |     632 |  26.1 |     140 |      42 |  23.1
            +---------+---------+-------+---------+---------+-------
        D:1 |      37 |       0 |   0.0 |      20 |       0 |   0.0
        D:2 |      60 |      10 |  14.3 |      27 |       5 |  15.6
        D:3 |     137 |      96 |  41.2 |      36 |      15 |  29.4
        D:4 |     355 |     173 |  32.8 |      15 |       1 |   6.2
        D:5 |     646 |       0 |   0.0 |      22 |       0 |   0.0
        D:6 |     144 |      75 |  34.2 |       9 |       5 |  35.7
        D:7 |     278 |       0 |   0.0 |       8 |       0 |   0.0
        D:8 |     132 |       0 |   0.0 |       3 |       0 |   0.0
      Sewer |       0 |     278 | 100.0 |       0 |      16 | 100.0
            +---------+---------+-------+---------+---------+-------
